 Dungeon Crawl Stone Soup version 0.31-a0-833-gc15d34cb79 (console) character file.

Game seed: 13000525067837676819

51 petzl the Sneak (level 4, -3/35 HPs)
             Began as a Formicid Delver on Sept 25, 2023.
             Killed from afar by an electric eel (10 damage)
             ... with a bolt of electricity
             ... on level 8 of the Dungeon.
             The game lasted 00:09:04 (1044 turns).

petzl the Sneak (Formicid Delver)                   Turns: 1044, Time: 00:09:05

Health: -3/35      AC:  4    Str: 16    XL:     4   Next: 7%
Magic:  8/8        EV: 12    Int: 12    God:
Gold:   79         SH:  0    Dex: 15    Spells: 9/9 levels left

rFire   . . .        a - +0 mace
rCold   . . .        (no shield)
rNeg    . . .        b - +0 leather armour
rPois   .            (helmet unavailable)
rElec   .            (no cloak)
rCorr   .            (no gloves)
SInv    +            j - +0 pair of boots
Will    .....        (no amulet)
Stlth   +++          (no ring)
HPRegen 0.25/turn    (no ring)
MPRegen 0.11/turn

%: no passive effects
@: no status effects
A: permanent stasis, dig shafts and tunnels, antennae 3, four strong arms
a: Dig, Shaft Self


You were on level 8 of the Dungeon.
You visited 1 branch of the dungeon, and saw 5 of its levels.

You collected 79 gold pieces.

Inventory:

Hand Weapons
 a - a +0 mace (weapon)
Missiles
 h - 5 stones (quivered)
 k - 5 poisoned darts
Armour
 b - a +0 leather armour (worn)
 j - a +0 pair of boots (worn)
Wands
 f - a wand of digging (3)
Scrolls
 c - a scroll of fog
 d - a scroll of revelation
 e - a scroll of fear
 i - a scroll of acquirement {unknown}
Potions
 g - a potion of lignification {unknown}
 l - a potion of cancellation {unknown}
 m - a potion of brilliance {unknown}


   Skills:
 - Level 3.2 Fighting
 - Level 2.0 Maces & Flails
 - Level 1.1 Throwing
 - Level 1.7 Dodging
 - Level 6.0 Stealth
 + Level 3.0 Spellcasting


You had 9 spell levels left.
You didn't know any spells.
Your spell library was empty.

Dungeon Overview and Level Annotations

Branches:
Dungeon (8/15)             Temple (0/1) D:6
   Lair: D:8-11

Altars:
Fedhas
Wu Jian

Shops:
D:4 :

Annotations:
D:4 exclusion: sensed monster (detected)
D:5 exclusions: adder, downstairs and 5 sensed monsters (detected)
D:7 exclusions: downstairs and upstairs


Innate Abilities, Weirdness & Mutations

You cannot be hasted, slowed, berserked, paralysed or teleported.
You can dig through walls and to a lower floor.
You have a pair of large antennae on your head. (SInv)
Your four strong arms can wield two-handed weapons with a shield.


Message History

Level annotation: exclusion: upstairs
There is a stone staircase leading down here.
Press: ? - help, v - describe, . - travel A stone staircase leading down.
Placed new exclusion.
Reduced exclusion size to a single square.
Unknown command.
You now have 79 gold pieces (gained 16).
There is a stone staircase leading up here.
You climb upwards.
There is a stone staircase leading down here.
You climb downwards.
Level annotation: exclusions: downstairs and upstairs
There is a stone staircase leading up here.
There is a stone staircase leading down here.
You climb downwards.
Found a stone staircase leading up.
There is a stone staircase leading up here.
There is a stone staircase leading up here.
You climb upwards.
Level annotation: exclusions: downstairs and upstairs
Found an escape hatch in the floor.
There is a stone staircase leading down here.
You climb downwards.
The electric eel shoots out a bolt of lightning at you!
The bolt of electricity misses you.
The electric eel shoots out a bolt of lightning at you!
The bolt of electricity hits you.
You hear a howl!
You hear a bark! x2
There is a stone staircase leading up here.
A wolf comes into view.
The electric eel shoots out a bolt of lightning at you!
The bolt of electricity hits you!
The electric eel shoots out a bolt of lightning at you!
The bolt of electricity hits you!
* * * LOW HITPOINT WARNING * * *
There is a stone staircase leading up here.
The electric eel shoots out a bolt of lightning at you!
The bolt of electricity hits you!
You die...

~~~ ~≈≈ ## .S≈≈
.#...S≈ .#...hh
###....~~≈
#.@....~~≈
#.<..~..~~
#......~~.~.
........~~~^h
...#.....≈~≈≈h~
########....≈~≈~
..#...≈≈~~
#.#.~~~~≈.
#...~..~.~
#<......~
##......~
....... .###..#
.# .. .# . .. ..


You could see a wolf, a hound and 2 electric eels.

Vanquished Creatures
  An adder (D:5)
  3 gnolls
  5 orcs
  3 kobolds (D:7)
12 creatures vanquished.

Notes
Turn   | Place    | Note
-------+----------+-------------------------------------------
     0 | D:5      | petzl the Formicid Delver began the quest for the Orb.
     0 | D:5      | Reached XP level 1. HP: 18/18 MP: 1/1
    46 | D:6      | Noticed a phantom
    46 | D:6      | Found a staircase to the Ecumenical Temple.
   208 | D:5      | Reached skill level 1 in Spellcasting
   208 | D:5      | Reached XP level 2. HP: 24/24 MP: 1/4
   217 | D:5      | Found an ornate altar of the Wu Jian Council.
   230 | D:5      | Found a blossoming altar of Fedhas.
   265 | D:4      | Found Ustiraet's Self-Published Books.
   296 | D:4      | Reached XP level 3. HP: 29/29 MP: 4/6
   329 | D:4      | You fall into a shaft and drop 3 floors!
   678 | D:5      | Reached skill level 1 in Throwing
   703 | D:5      | You fall into a shaft and drop 2 floors!
   826 | D:7      | Reached XP level 4. HP: 22/35 MP: 8/8
   839 | D:7      | Noticed a kobold brigand
   893 | D:6      | Noticed an orc warrior
  1043 | D:8      | Noticed a wolf
  1044 | D:8      | Killed from afar by an electric eel

Illustrated notes

Levels and vault maps discovered:
D:4:      layout_layer_cave, nicolae_overflow_squiral, serial_shops, shop,
          nicolae_custom_books, uniq_menkaure
D:5:      layout_layer_cave, nicolae_wu_jian_wuxing_cycle,
          mainiacjoe_overflow_alcove_4, lemuel_zombie_altar_kikubaaqudgha
D:6:      layout_gridville, overflow_temple_1_default,
          mainiacjoe_overflow_24_doors, old_standard_altar,
          minmay_temple_entry_purple_smoke
D:7:      layout_basic, nicolae_ashenzari_skybound, nicolae_sextant
D:8:      layout_rooms, grunt_temple_overflow_open, erik_lair_island,
          serial_co_window_serial, co_window_of_opportunity_a,
          co_window_corner_a, co_window_paths_a, co_window_paths_a,
          co_window_corner_a, co_window_paths_b, co_window_paths_a,
          co_window_paths_b, co_window_paths_a, co_window_broadway_b,
          co_window_paths_c, co_window_of_opportunity_b, glass_columns_c,
          glass_columns_a

Skill      XL: |  1  2  3  4 |
---------------+-------------+-----
Spellcasting   | 1 2 3 |  3.0
Throwing       | 1 |  1.1
Fighting       | |  3.2
Maces & Flails | |  2.0
Dodging        | |  1.7
Stealth        | |  6.0

Action                     |  1- 3 |  4- 6 || total
---------------------------+-------+-------++-------
  Melee: Mace              |    32 |     3 ||    35
  Throw: Javelin           |    21 |       ||    21
Ability: Shaft Self        |     2 |       ||     2
 Armour: Leather armour    |    25 |     7 ||    32
  Dodge: Dodged            |    26 |     2 ||    28

Table legend: (Time is in decaauts)
 A = Elapsed time spent in this place.
 B = Non-inter-level travel time spent in this place.
 C = Inter-level travel time spent in this place.
 D = Time resting spent in this place.
 E = Time spent auto-exploring this place.
 F = Levels seen in this place.
 G = Mean time per level.
                   A        B        C        D        E       F      G
               +--------+--------+--------+--------+--------+-----+--------+
         Total |   1065 |   1065 |      0 |    201 |    180 |   5 |  213.0 |
       Dungeon |   1065 |   1065 |      0 |    201 |    180 |   5 |  213.0 |
               +--------+--------+--------+--------+--------+-----+--------+

Top non-repeatable levels by time:
     D:5: 502 daAuts
     D:7: 450 daAuts
     D:4: 72 daAuts
     D:6: 33 daAuts
     D:8: 7 daAuts
